 Dungeon Sprint DCSS version 0.29-a0-222-g5b244fca1f (webtiles) character file.

Game seed: 16160530715855483340

296 mhtbhm the Basher (level 6, -12/67 HPs)
             Began as a Gargoyle Berserker on Feb 27, 2022.
             Was an Elder of Trog.
             Killed from afar by a deep elf pyromancer (21 damage)
             ... with a bolt of fire
             ... in the Dungeon (Sprint III: "The Ten Rune Challenge").
             The game lasted 00:01:00 (876 turns).

mhtbhm the Basher (Gargoyle Berserker)               Turns: 876, Time: 00:01:00

Health: -12/67     AC:  6    Str: 22    XL:     6   Next: 35%
Magic:  6/6        EV: 12    Int:  6    God:    Trog [****..]
Gold:   10         SH:  0    Dex:  9    Spells: 5/5 levels left

rFire   . . .      SeeInvis .   a - +0 mace
rCold   . . .      Faith    .   (no shield)
rNeg    + . .      Spirit   .   b - +0 animal skin
rPois   ∞          Reflect  .   (no helmet)
rElec   +          Harm     .   (no cloak)
rCorr   .          Rampage  .   (no gloves)
Will    .....      NoTele   +   (no boots)
Stlth   ..........              (no amulet)
HPRegen 0.21/turn               (no ring)
MPRegen 0.10/turn               (no ring)

@: berserking, very quick
A: sickness immunity, AC +4, negative energy resistance 1, electricity
resistance, torment resistance 1, petrification resistance, dopey 1, passive
freeze
a: Renounce Religion, Berserk, Trog's Hand, Brothers in Arms


You were in the Dungeon.
You worshipped Trog.
Trog was greatly pleased with you.
You visited 1 branch You collected 10 gold pieces.

Inventory:

Hand Weapons
 a - a +0 mace (weapon)
Armour
 b - a +0 animal skin (worn)
Wands
 m - a wand of paralysis (7)
Scrolls
 d - 2 scrolls of holy word {unknown}
 h - 2 scrolls of blinking
 j - 3 scrolls of identify
Potions
 c - a potion of curing
 e - a potion of haste
 f - 2 potions of magic
 g - a potion of berserk rage
 i - 3 potions of invisibility {unknown}
 k - a potion of cancellation {unknown}
 l - 3 potions of mutation


   Skills:
 + Level 8.8 Fighting
 + Level 9.0 Maces & Flails
 + Level 4.5 Armour
 + Level 4.2 Dodging
 + Level 1.4 Stealth


You had 5 spell levels left.
You didn't know any spells.
Your spell library was empty.

Dungeon Overview and Level Annotations

Branches:
Dungeon (1/1)

Altars:
Dithmenos
Elyvilon
Kikubaaqudgha
Ru
Sif Muna
Vehumet
Yredelemnul
Zin
The Shining One


Innate Abilities, Weirdness & Mutations

You are immune to sickness and miasma.
Your stone body is resilient. (AC +4)
You are immune to poison.
You resist negative energy. (rN+)
You are resistant to electric shocks. (rElec)
You are resistant to unholy torment.
You are immune to petrification.
You are dopey. (Int -2)
A frigid envelope surrounds you and freezes all who hurt you.


Message History

The deep elf pyromancer is heavily wounded.
A red film seems to cover your vision as you go berserk!
You feel yourself moving faster!
You feel mighty! The fire elemental hits you. The fire elemental burns you!
The fire elemental is frozen!
The fire elemental is very cold.
The fire elemental is heavily damaged.
The deep elf pyromancer closely misses you.
You thump the deep elf pyromancer!
The deep elf pyromancer is severely wounded.
The fire elemental hits you. The fire elemental burns you!
The fire elemental is frozen!
The fire elemental is very cold.
The fire elemental is severely damaged.
You closely miss the deep elf pyromancer.
The deep elf pyromancer is severely wounded.
The deep elf pyromancer barely misses you.
The fire elemental closely misses you.
You barely miss the deep elf pyromancer.
The deep elf pyromancer is severely wounded.
You barely miss the deep elf pyromancer.
The deep elf pyromancer is severely wounded.
The fire elemental hits you. The fire elemental burns you!
* * * LOW HITPOINT WARNING * * *
The fire elemental is frozen!
The fire elemental is very cold.
You destroy the fire elemental!
The fire elemental disappears in a puff of smoke!
The deep elf pyromancer barely misses you.
Unknown command.
You hit the deep elf pyromancer.
The deep elf pyromancer is severely wounded.
The deep elf pyromancer hits you with a +2 long sword of holy wrath!
* * * LOW HITPOINT WARNING * * *
The deep elf pyromancer is very cold.
The deep elf pyromancer is severely wounded.
You miss the deep elf pyromancer.
The deep elf pyromancer is severely wounded.
You closely miss the deep elf pyromancer.
The deep elf pyromancer is severely wounded.
The deep elf pyromancer casts a spell at you.
The bolt of fire hits you!!
You die...

▓▓▓▓▓ ▓▓▓ #...####
##.##### ####
#......#####..#_§§# #__#
#.......#..#..#e@.# #._#
##.##...#..#..###'#+###)##
##.###..##'#..#..........#
###.##..###...'.⌠........#
#..##..####...#...######+#
...##..###....#.⌠.#
..##..÷##.....#...#
.##....#......#'###
###..##.#.....#)):#


You could see a deep elf pyromancer.

Vanquished Creatures
  A necrophage (D)
  A scorpion (D)
  A water elemental (D)
  A wizard (D)
  A necromancer (D)
  A kobold demonologist (D)
  A human (D)
  An endoplasm (D)
  3 rats (D)
11 creatures vanquished.

Notes
Turn   | Place    | Note
-------+----------+-------------------------------------------
     0 | D        | mhtbhm the Gargoyle Berserker began the quest for the Orb.
     0 | D        | Reached XP level 1. HP: 14/14 MP: 1/1
    31 | D        | Reached ** piety under Trog
   111 | D        | Reached skill level 4 in Maces & Flails
   111 | D        | Reached XP level 2. HP: 8/20 MP: 2/2
   342 | D        | Noticed a scorpion
   353 | D        | Killed a scorpion
   354 | D        | Reached skill level 6 in Maces & Flails
   354 | D        | Reached XP level 3. HP: 21/27 MP: 3/3
   354 | D        | Reached XP level 4. HP: 25/32 MP: 4/4
   491 | D        | Gained mutation: You are dopey. (Int -2) [potion of
                  | mutation]
   491 | D        | Gained mutation: A frigid envelope surrounds you and
                  | freezes all who hurt you. [potion of mutation]
   495 | D        | Noticed a water elemental
   501 | D        | Killed a water elemental
   502 | D        | Reached skill level 7 in Maces & Flails
   502 | D        | Reached XP level 5. HP: 16/38 MP: 5/5
   732 | D        | Found a basalt altar of Yredelemnul.
   732 | D        | Found a shadowy altar of Dithmenos.
   732 | D        | Found a sacrificial altar of Ru.
   732 | D        | Noticed a necrophage
   735 | D        | Reached *** piety under Trog
   738 | D        | Killed a necrophage
   739 | D        | Reached skill level 8 in Maces & Flails
   739 | D        | Reached skill level 1 in Stealth
   739 | D        | Reached XP level 6. HP: 30/45 MP: 6/6
   845 | D        | Found a radiant altar of Vehumet.
   845 | D        | Found a shimmering blue altar of Sif Muna.
   845 | D        | Found an ancient bone altar of Kikubaaqudgha.
   849 | D        | Reached **** piety under Trog
   850 | D        | Reached skill level 9 in Maces & Flails
   863 | D        | Found a glowing silver altar of Zin.
   863 | D        | Found a glowing golden altar of the Shining One.
   863 | D        | Found a white marble altar of Elyvilon.
   864 | D        | Noticed a deep elf pyromancer
   868 | D        | Noticed a fire elemental
   876 | D        | Killed from afar by a deep elf pyromancer

Illustrated notes

Levels and vault maps discovered:
D:        dungeon_sprint_mu [sprint_mu_entry_cave, sprint_mu_temple_rooms,
          sprint_mu_d1_spiders, sprint_mu_d2_genie, sprint_mu_d3_branching,
          sprint_mu_orc_legion, sprint_mu_elf_gauntlet, sprint_mu_hive_nellie,
          sprint_mu_lair_fedhas, sprint_mu_vaults_butterflies,
          sprint_mu_slime_circle, sprint_mu_shoals_kraken,
          sprint_mu_snake_twists, sprint_mu_blade_basic,
          sprint_mu_crypt_fortress, sprint_mu_tomb_spiral,
          sprint_mu_vestibule_basic, sprint_mu_gehenna_hellfire,
          sprint_mu_dis_giant, sprint_mu_tartarus_statrot,
          sprint_mu_cocytus_islands, sprint_mu_zot1]

Skill      XL: |  1  2  3  4  5  6 |
---------------+-------------------+-----
Fighting       | 4 6 7 8 |  8.8
Maces & Flails | 4 6 7 8 9 |  9.0
Dodging        | 2 3 4 |  4.2
Armour         | 3 4 |  4.5
Stealth        | 1 |  1.4

Action                   |  1- 3 |  4- 6 || total
-------------------------+-------+-------++-------
Melee: Mace              |    33 |    22 ||    55
       Punch             |       |     1 ||     1
Invok: Berserk           |     2 |     2 ||     4
  Use: Potion            |     1 |     1 ||     2
Armor: Animal skin       |     3 |     7 ||    10
Dodge: Dodged            |    18 |     9 ||    27

Table legend: (Time is in decaauts)
 A = Elapsed time spent in this place.
 B = Non-inter-level travel time spent in this place.
 C = Inter-level travel time spent in this place.
 D = Time resting spent in this place.
 E = Time spent auto-exploring this place.
 F = Levels seen in this place.
 G = Mean time per level.
                   A        B        C        D        E       F      G
               +--------+--------+--------+--------+--------+-----+--------+
         Total |    903 |    903 |      0 |    671 |     61 |   1 |  903.0 |
       Dungeon |    903 |    903 |      0 |    671 |     61 |   1 |  903.0 |
               +--------+--------+--------+--------+--------+-----+--------+

Top non-repeatable levels by time:
       D: 903 daAuts
